 Dungeon Crawl Stone Soup version 0.20-a0-848-g73d9be0 (webtiles) character file.

70 Alarkh the Skirmisher (level 4, 37/37 HPs)
             Began as a Demonspawn Fighter on Mar 9, 2017.
             Quit the game on level 2 of the Dungeon.
             The game lasted 00:01:27 (1867 turns).

Alarkh the Skirmisher (Demonspawn Fighter)          Turns: 1867, Time: 00:01:29

Health: 37/37      AC: 11    Str: 17    XL:     4   Next: 3%
Magic:  4/4        EV:  7    Int: 10    God:
Gold:   64         SH:  9    Dex: 12    Spells: 3/3 levels left

rFire    . . .     SeeInvis .   a - +0 long sword
rCold    . . .     Gourm    .   b - +0 scale mail
rNeg     . . .     Faith    .   c - +0 shield
rPois    .         Spirit   .   (no helmet)
rElec    .         Reflect  .   i - +2 cloak {MR+}
rCorr    .         Harm     .   (no gloves)
MR       +....                  (no boots)
Stlth    ..........             (no amulet)
Regen    0.2/turn               (no ring)
MPRegen  0.1/turn               (no ring)

@: no status effects
A: thin metallic scales 1, demonic guardian 1
a: no special abilities


You were on level 2 of the Dungeon.
You were not hungry.

You visited 1 branch of the dungeon, and saw 2 of its levels.

You collected 64 gold pieces.

Inventory:

Hand Weapons
 a - a +0 long sword (weapon)
Armour
 b - a +0 scale mail (worn)
 c - a +0 shield (worn)
 i - a +2 cloak of magic resistance (worn)
Jewellery
 k - an uncursed ring of protection from cold {unknown}
Scrolls
 e - a scroll of fog {unknown}
 g - a scroll of fear {unknown}
 j - 5 scrolls of identify {unknown}
 n - a scroll of blinking {unknown}
Potions
 d - 2 potions of might
 l - a potion of berserk rage {unknown}
 m - a potion of resistance {unknown}
 p - a potion of flight {unknown}
Comestibles
 f - a bread ration
 o - 4 chunks of flesh


   Skills:
 + Level 3.7 Fighting
 * Level 2.4 Long Blades
 + Level 3.0 Armour
 + Level 1.0 Dodging
 + Level 3.0 Shields


You had 3 spell levels left.
You didn't know any spells.

Dungeon Overview and Level Annotations

Branches:
Dungeon (2/15)

Altars:


Innate Abilities, Weirdness & Mutations

You are partially covered in thin metallic scales. (AC +2)
A weak demonic guardian rushes to your aid.


Message History

The gnoll barely misses you.
You riposte.
You hit the gnoll but do no damage.
The gnoll is almost dead.
Your shadow imp barely misses the gnoll.
You slash the gnoll!
You kill the gnoll!
Your Armour skill increases to level 3!
You have reached level 4!
You feel stronger.
Your demonic ancestry asserts itself...
Thin metallic scales grow over part of your body.
Things that are here:
a halberd x2; a gnoll corpse
o - 6 chunks of flesh (gained 4)
Things that are here:
a halberd x2
You start resting.
Eating one of 6 chunks of flesh.
You eat one of the 6 chunks of flesh.
This raw flesh tastes terrible.
Your shadow imp disappears in a puff of smoke!
Some of the chunks of flesh in your inventory have rotted away.
HP restored.
Are you sure you want to abandon this character and quit the game? (Confirm with "yes".)

####.....#####.#.## #
#>...(# ##.## # ###.### #.#
# #.# #####.#### # #..
..##.รท..# # #### #.#####.#
###### ##.## ##.## .....##
###...###...#######
###...###.....).@.#........
..........#...###...#####..
.##...######.## ##.##
.###.## ### #.# .# #.# #.#
.# #.# #.#.. .# #.# #.#.#
... #.#.. #.# #)#.#


There were no monsters in sight!

Vanquished Creatures
  An adder (D:2)
  2 gnolls (D:2)
  An ooze (D:1)
  A dart slug (D:2)
  3 leopard geckos
  4 bats
  3 giant cockroaches
  3 goblins
  6 hobgoblins
  4 kobolds (D:1)
  2 frilled lizards (D:1)
  5 rats
35 creatures vanquished.

Vanquished Creatures (collateral kills)
  A gnoll (D:2)
1 creature vanquished.

Grand Total: 36 creatures vanquished

Notes
Turn   | Place    | Note
-------+----------+-------------------------------------------
     0 | D:1      | Alarkh the Demonspawn Fighter began the quest for the Orb.
     0 | D:1      | Reached XP level 1. HP: 18/18 MP: 1/1
   466 | D:1      | Gained mutation: A weak demonic guardian rushes to your aid. [demonic ancestry]
   466 | D:1      | Reached XP level 2. HP: 24/24 MP: 2/2
  1287 | D:2      | Reached XP level 3. HP: 27/29 MP: 3/3
  1364 | D:2      | Reached skill level 1 in Dodging
  1671 | D:2      | Gained mutation: You are partially covered in thin metallic scales. (AC +2) [demonic ancestry]
  1671 | D:2      | Reached XP level 4. HP: 13/37 MP: 4/4
  1867 | D:2      | Quit the game

Vault maps used:
D:1:      dpeg_arrival_central
D:2:      uniq_natasha

Skill      XL: |  1  2  3 |
---------------+----------+-----
Long Blades    | 2 |  2.4
Dodging        | 1 |  1.0
Shields        | 3 |  3.0
Armour         | 3 |  3.0
Fighting       | |  3.7

Action                   |  1- 3 |  4- 6 || total
-------------------------+-------+-------++-------
Melee: Long sword        |   122 |       ||   122
  Use: Potion            |     1 |       ||     1
  Eat: Chunk             |     2 |     1 ||     3
Armor: Scale mail        |    61 |       ||    61
Dodge: Dodged            |    43 |       ||    43
Block: Shield            |    54 |       ||    54
       Rpst.: Long sword |    14 |       ||    14
